TOP OF THE 1ST |
Milwaukee Brewers batting - Pitching for Pittsburgh Pirates : RHP Chad Mangum
|
Pitching: RHP Chad Mangum
|
|
Batting: RHB Akitada Nishizawa
|
0-0: Foul Ball, location: 2F 0-1: Ball 1-1: Ball 2-1: Called Strike 2-2: Ball 3-2: Foul Ball, location: 2F 3-2: Foul Ball, location: 2F 3-2: Fly out, F4 (Flyball, 3D, EV 93.8 MPH)
|
Batting: RHB Daniel Donovan
|
0-0: Foul Ball, location: 2F 0-1: Ball 1-1: SINGLE (Groundball, 56S, EV 66.3 MPH) (infield hit)
|
Batting: SHB Jason Woods
|
0-0: SINGLE (Line Drive, 8LM, EV 97.5 MPH) Daniel Donovan to second
|
Batting: RHB Bobby Muniz
|
0-0: Foul Ball, location: 2F 0-1: Ball 1-1: Foul Ball, location: 2F 1-2: Foul Ball, location: 2F 1-2: Ball 2-2: Ball 3-2: Strikes out swinging
|
Batting: LHB Tetsuya Oba
|
0-0: Ball 1-0: Ball 2-0: Ball 3-0: Called Strike 3-1: Base on Balls Daniel Donovan to third Jason Woods to second
|
Batting: RHB Adrian Rudkilde
|
0-0: Foul Ball, location: 2F 0-1: Swinging Strike 0-2: Ball 1-2: Ball 2-2: Strikes out swinging
|
Top of the 1st over - 0 runs, 2 hits, 0 errors, 3 left on base; Milwaukee 0 - Pittsburgh 0 |
BOTTOM OF THE 1ST |
Pittsburgh Pirates batting - Pitching for Milwaukee Brewers : RHP John York
|
Pitching: RHP John York
|
|
Batting: RHB Eisse Bravenboer
|
0-0: Foul Ball, location: 2F 0-1: Foul Ball, location: 2F 0-2: Foul Ball, location: 2F 0-2: Ball 1-2: Foul Ball, location: 2F 1-2: Foul Ball, location: 2F 1-2: Foul Ball, location: 2F 1-2: Ball 2-2: Fly out, F2 (Popup, 23F, EV 80.0 MPH)
|
Batting: RHB Steve Jordan
|
0-0: Ball 1-0: Swinging Strike 1-1: Foul Ball, location: 2F 1-2: Ball 2-2: Fly out, F7 (Line Drive, 7, EV 97.5 MPH)
|
Batting: SHB Marvin McAleer
|
0-0: Ball 1-0: Swinging Strike 1-1: Called Strike 1-2: Ball 2-2: Ball 3-2: Foul Ball, location: 2F 3-2: Strikes out swinging
|
Bottom of the 1st over - 0 runs, 0 hits, 0 errors, 0 left on base; Milwaukee 0 - Pittsburgh 0 |
TOP OF THE 2ND |
Milwaukee Brewers batting - Pitching for Pittsburgh Pirates : RHP Chad Mangum
|
Batting: RHB Kisho Ito
|
0-0: Called Strike 0-1: Ball 1-1: Called Strike 1-2: Ball 2-2: Strikes out swinging
|
Batting: RHB Cody Flowers
|
0-0: Ball 1-0: Ground out 5-3 (Groundball, 25, EV 65.0 MPH)
|
Batting: SHB Jean-François Bernard
|
0-0: Fly out, F5 (Popup, 5F, EV 78.8 MPH)
|
Top of the 2nd over - 0 runs, 0 hits, 0 errors, 0 left on base; Milwaukee 0 - Pittsburgh 0 |
BOTTOM OF THE 2ND |
Pittsburgh Pirates batting - Pitching for Milwaukee Brewers : RHP John York
|
Batting: RHB Vincent Poopwell
|
0-0: Ball 1-0: SINGLE (Line Drive, 4D, EV 98.8 MPH)
|
Batting: LHB Theodore Conboy
|
0-0: Ball 1-0: Fly out, F8 (Flyball, 8LXD, EV 92.5 MPH)
|
Batting: RHB Tommie Eaton
|
0-0: Ball 1-0: Ball 2-0: DOUBLE (Flyball, 8LXD, EV 106.3 MPH) Vincent Poopwell to third Runner from 3rd tries for Home, SAFE, throw by CF to home
|
Batting: RHB Mike Thornton
|
0-0: Swinging Strike 0-1: SINGLE (Groundball, 6MD, EV 104.4 MPH) Tommie Eaton to third Runner from 3rd tries for Home, SAFE, throw by CF to home
|
Batting: RHB Mike Bates
|
0-0: Ball 1-0: Ball 2-0: Foul Ball, location: 2F 2-1: Foul Ball, location: 2F 2-2: Strikes out swinging
|
Batting: RHB Kirk Seiffert
|
0-0: Ball 1-0: Fly out, F9 (Flyball, 89D, EV 108.1 MPH)
|
Bottom of the 2nd over - 2 runs, 3 hits, 0 errors, 1 left on base; Milwaukee 0 - Pittsburgh 2 |
TOP OF THE 3RD |
Milwaukee Brewers batting - Pitching for Pittsburgh Pirates : RHP Chad Mangum
|
Batting: RHB Akitada Nishizawa
|
0-0: Called Strike 0-1: Swinging Strike 0-2: Strikes out swinging
|
Batting: RHB Daniel Donovan
|
0-0: Ground out 3-1 (Groundball, 34, EV 104.4 MPH)
|
Batting: SHB Jason Woods
|
0-0: Ball 1-0: Ball 2-0: Ball 3-0: Base on Balls
|
Batting: RHB Bobby Muniz
|
0-0: Ball 1-0: Called Strike 1-1: Ball 2-1: Ball 3-1: Called Strike 3-2: Foul Ball, location: 2F 3-2: SINGLE (Groundball, 6D, EV 104.4 MPH) Jason Woods to second Jason Woods to third
|
Batting: LHB Tetsuya Oba
|
0-0: Ball 1-0: Called Strike 1-1: Ground out 4-3 (Groundball, 4, EV 104.4 MPH)
|
Top of the 3rd over - 0 runs, 1 hit, 0 errors, 2 left on base; Milwaukee 0 - Pittsburgh 2 |
BOTTOM OF THE 3RD |
Pittsburgh Pirates batting - Pitching for Milwaukee Brewers : RHP John York
|
Batting: RHB Eisse Bravenboer
|
0-0: Ball 1-0: Ground out 5-3 (Groundball, 56, EV 86.9 MPH)
|
Batting: RHB Steve Jordan
|
0-0: Ground out 4-3 (Groundball, 4, EV 108.1 MPH)
|
Batting: SHB Marvin McAleer
|
0-0: Ball 1-0: SINGLE (Groundball, 15S, EV 71.9 MPH) (infield hit)
|
Batting: RHB Vincent Poopwell
|
0-0: Ball Marvin McAleer is caught stealing 2nd base 2-4
|
Bottom of the 3rd over - 0 runs, 1 hit, 0 errors, 0 left on base; Milwaukee 0 - Pittsburgh 2 |
TOP OF THE 4TH |
Milwaukee Brewers batting - Pitching for Pittsburgh Pirates : RHP Chad Mangum
|
Batting: RHB Adrian Rudkilde
|
0-0: Called Strike 0-1: SINGLE (Line Drive, 4MD, EV 97.5 MPH)
|
Batting: RHB Kisho Ito
|
0-0: Ball 1-0: Called Strike 1-1: Ball 2-1: SINGLE (Line Drive, 34D, EV 110.6 MPH) Adrian Rudkilde to second
|
Batting: RHB Cody Flowers
|
0-0: Swinging Strike 0-1: Ball 1-1: Foul Ball, location: 2F 1-2: Strikes out swinging
|
Batting: SHB Jean-François Bernard
|
0-0: Ball 1-0: SINGLE (Groundball, 23, EV 90.6 MPH) (infield hit) Adrian Rudkilde to third Kisho Ito to second
|
Batting: RHB Akitada Nishizawa
|
0-0: Ball 1-0: Called Strike 1-1: Foul Ball, location: 2F 1-2: Grounds into fielders choice 1-2 (Groundball, 34S, EV 65.6 MPH) Kisho Ito to third Jean-François Bernard to second
|
Batting: RHB Daniel Donovan
|
0-0: Ball 1-0: Called Strike 1-1: Fly out, F7 (Flyball, 78M, EV 79.4 MPH)
|
Top of the 4th over - 0 runs, 3 hits, 0 errors, 3 left on base; Milwaukee 0 - Pittsburgh 2 |
BOTTOM OF THE 4TH |
Pittsburgh Pirates batting - Pitching for Milwaukee Brewers : RHP John York
|
Batting: RHB Vincent Poopwell
|
0-0: Ball 1-0: Ball 2-0: Fly out, F5 (Line Drive, 5, EV 74.4 MPH)
|
Batting: LHB Theodore Conboy
|
0-0: SOLO HOME RUN (Flyball, 7D, EV 99.4 MPH), Distance : 377 ft
|
Batting: RHB Tommie Eaton
|
0-0: Called Strike 0-1: Foul Ball, location: 2F 0-2: Ball 1-2: Foul Ball, location: 2F 1-2: Ground out 5-3 (Groundball, 56S, EV 83.1 MPH)
|
Batting: RHB Mike Thornton
|
0-0: Ball 1-0: Ball 2-0: Foul Ball, location: 2F 2-1: Fly out, F3 (Popup, 3SF, EV 83.1 MPH)
|
Bottom of the 4th over - 1 run, 1 hit, 0 errors, 0 left on base; Milwaukee 0 - Pittsburgh 3 |
TOP OF THE 5TH |
Milwaukee Brewers batting - Pitching for Pittsburgh Pirates : RHP Chad Mangum
|
Batting: SHB Jason Woods
|
0-0: Ball 1-0: Ball 2-0: Foul Ball, location: 2F 2-1: Ball 3-1: Base on Balls
|
Batting: RHB Bobby Muniz
|
0-0: Grounds into double play, 2-6-3 (Groundball, 13S, EV 68.8 MPH)
|
Batting: LHB Tetsuya Oba
|
0-0: Foul Ball, location: 2F 0-1: Fly out, F7 (Flyball, 78S, EV 87.5 MPH)
|
Top of the 5th over - 0 runs, 0 hits, 0 errors, 0 left on base; Milwaukee 0 - Pittsburgh 3 |
BOTTOM OF THE 5TH |
Pittsburgh Pirates batting - Pitching for Milwaukee Brewers : RHP John York
|
Batting: RHB Mike Bates
|
0-0: Fly out, F7 (Flyball, 7S, EV 89.4 MPH)
|
Batting: RHB Kirk Seiffert
|
0-0: Called Strike 0-1: Foul Ball, location: 2F 0-2: Ball 1-2: SINGLE (Line Drive, 4M, EV 105.6 MPH)
|
Batting: RHB Eisse Bravenboer
|
0-0: Called Strike Kirk Seiffert steals 2nd base 0-1: Ball 1-1: Ball 2-1: Ball 3-1: DOUBLE (Groundball, 5L, EV 103.8 MPH) Kirk Seiffert scores
|
Batting: RHB Steve Jordan
|
0-0: DOUBLE (Flyball, 78XD, EV 107.5 MPH) Eisse Bravenboer scores
|
Pitching: LHP Jamie Blake
|
|
Batting: SHB Marvin McAleer
|
0-0: Ball 1-0: DOUBLE (Line Drive, 9LS, EV 94.4 MPH) Steve Jordan scores
|
Batting: RHB Vincent Poopwell
|
0-0: Fly out, F4 (Popup, 34D, EV 48.1 MPH)
|
Batting: LHB Theodore Conboy
|
0-0: Foul Ball, location: 2F 0-1: Ball Wild Pitch! Marvin McAleer to third 1-1: Ball 2-1: Foul Ball, location: 2F 2-2: Ball 3-2: Base on Balls
|
Batting: RHB Tommie Eaton
|
0-0: Ball 1-0: Ground out 4-3 (Groundball, 4, EV 94.4 MPH)
|
Bottom of the 5th over - 3 runs, 4 hits, 0 errors, 2 left on base; Milwaukee 0 - Pittsburgh 6 |
TOP OF THE 6TH |
Milwaukee Brewers batting - Pitching for Pittsburgh Pirates : RHP Chad Mangum
|
Batting: RHB Adrian Rudkilde
|
0-0: Swinging Strike 0-1: Called Strike 0-2: Foul Ball, location: 2F 0-2: Strikes out swinging
|
Batting: RHB Kisho Ito
|
0-0: Ball 1-0: Foul Ball, location: 2F 1-1: Fly out, F8 (Flyball, 89M, EV 90.0 MPH)
|
Batting: RHB Cody Flowers
|
0-0: Called Strike 0-1: Swinging Strike 0-2: Ball 1-2: Ball 2-2: Foul Ball, location: 2F 2-2: Ball 3-2: DOUBLE (Groundball, 3L, EV 95.0 MPH)
|
Batting: SHB Jean-François Bernard
|
0-0: Fly out, F5 (Line Drive, 5, EV 65.0 MPH)
|
Top of the 6th over - 0 runs, 1 hit, 0 errors, 1 left on base; Milwaukee 0 - Pittsburgh 6 |
BOTTOM OF THE 6TH |
Pittsburgh Pirates batting - Pitching for Milwaukee Brewers : LHP Jamie Blake
|
Batting: RHB Mike Thornton
|
0-0: Swinging Strike 0-1: Ball 1-1: Ball 2-1: Ball 3-1: Foul Ball, location: 2F 3-2: Base on Balls
|
Batting: RHB Mike Bates
|
0-0: Called Strike 0-1: 2-RUN HOME RUN (Flyball, 78XD, EV 106.3 MPH), Distance : 416 ft
|
Batting: RHB Kirk Seiffert
|
0-0: Ball 1-0: Ball 2-0: Ball 3-0: Fly out, F9 (Flyball, 9D, EV 90.6 MPH)
|
Batting: RHB Eisse Bravenboer
|
0-0: SINGLE (Groundball, 34D, EV 98.8 MPH)
|
Batting: RHB Steve Jordan
|
0-0: Ball 1-0: Called Strike 1-1: Swinging Strike 1-2: Strikes out swinging
|
Batting: SHB Marvin McAleer
|
0-0: Ball Eisse Bravenboer steals 2nd base (no throw) 1-0: Ball 2-0: Foul Ball, location: 2F 2-1: SINGLE (Line Drive, 4D, EV 94.4 MPH) Eisse Bravenboer to third Runner from 3rd tries for Home, throw by CF and OUT! 8-2
|
Bottom of the 6th over - 2 runs, 3 hits, 0 errors, 1 left on base; Milwaukee 0 - Pittsburgh 8 |
TOP OF THE 7TH |
Milwaukee Brewers batting - Pitching for Pittsburgh Pirates : RHP Chad Mangum
|
Batting: RHB Akitada Nishizawa
|
0-0: Ball 1-0: Ball 2-0: Fly out, F8 (Flyball, 8RS, EV 91.3 MPH)
|
Batting: RHB Daniel Donovan
|
0-0: Foul Ball, location: 2F 0-1: Ball 1-1: Swinging Strike 1-2: Foul Ball, location: 2F 1-2: Ball 2-2: Strikes out looking
|
Pinch Hitting: LHB Antonio Diaz
|
0-0: Ball 1-0: SINGLE (Line Drive, 34D, EV 103.1 MPH)
|
Batting: RHB Bobby Muniz
|
0-0: Called Strike Antonio Diaz steals 2nd base (no throw) 0-1: Called Strike 0-2: Foul Ball, location: 2F 0-2: Ball 1-2: Ball 2-2: Foul Ball, location: 2F 2-2: Foul Ball, location: 2F 2-2: Foul Ball, location: 2F 2-2: DOUBLE (Groundball, 5L, EV 96.9 MPH) Antonio Diaz scores
|
Pitching: RHP Ryan Sunday
|
|
Pinch Hitting: RHB Noah Stanley
|
0-0: Foul Ball, location: 2F 0-1: Ball 1-1: SINGLE (Groundball, 6MD, EV 101.3 MPH) Bobby Muniz to third
|
Batting: RHB Adrian Rudkilde
|
0-0: Called Strike 0-1: Called Strike 0-2: Ball Wild Pitch! Bobby Muniz scores Noah Stanley to second 1-2: SINGLE (Line Drive, 9S, EV 96.3 MPH) Noah Stanley to third Runner from 3rd tries for Home, SAFE, throw by RF to home
|
Batting: RHB Kisho Ito
|
0-0: Ball 1-0: Swinging Strike 1-1: Swinging Strike 1-2: Ball 2-2: Strikes out swinging
|
Top of the 7th over - 3 runs, 4 hits, 0 errors, 1 left on base; Milwaukee 3 - Pittsburgh 8 |
BOTTOM OF THE 7TH |
Pittsburgh Pirates batting - Pitching for Milwaukee Brewers : LHP Jamie Blake
|
Now at 1B: Noah Stanley
|
|
Now in CF: Pat Wilson
|
|
Batting: RHB Vincent Poopwell
|
0-0: Ball 1-0: Foul Ball, location: 2F 1-1: Ball 2-1: Ground out 4-3 (Groundball, 4, EV 85.6 MPH)
|
Batting: LHB Theodore Conboy
|
0-0: Ball 1-0: Swinging Strike 1-1: Ball 2-1: Foul Ball, location: 2F 2-2: Strikes out swinging
|
Batting: RHB Tommie Eaton
|
0-0: Ball 1-0: Ball 2-0: SINGLE (Groundball, 6MD, EV 95.0 MPH)
|
Pitching: RHP Kouchiro Yamaguchi
|
|
Batting: RHB Mike Thornton
|
0-0: Called Strike 0-1: Ball 1-1: Foul Ball, location: 2F 1-2: Foul Ball, location: 2F 1-2: Ground out 5-3 (Groundball, 56S, EV 85.6 MPH)
|
Bottom of the 7th over - 0 runs, 1 hit, 0 errors, 1 left on base; Milwaukee 3 - Pittsburgh 8 |
TOP OF THE 8TH |
Milwaukee Brewers batting - Pitching for Pittsburgh Pirates : RHP Ryan Sunday
|
Batting: RHB Cody Flowers
|
0-0: Ball 1-0: Ball 2-0: Ground out 6-3 (Groundball, 6, EV 90.0 MPH)
|
Batting: SHB Jean-François Bernard
|
0-0: Ground out 6-3 (Groundball, 6, EV 94.4 MPH)
|
Pitching: LHP Matt Huston
|
|
Batting: RHB Akitada Nishizawa
|
0-0: Ball 1-0: Ball 2-0: Foul Ball, location: 2F 2-1: Ball 3-1: Called Strike 3-2: Foul Ball, location: 2F 3-2: SINGLE (Groundball, 4S, EV 63.8 MPH) (infield hit)
|
Batting: RHB Daniel Donovan
|
0-0: Foul Ball, location: 2F 0-1: Ball 1-1: Swinging Strike 1-2: Ball 2-2: Strikes out swinging
|
Top of the 8th over - 0 runs, 1 hit, 0 errors, 1 left on base; Milwaukee 3 - Pittsburgh 8 |
BOTTOM OF THE 8TH |
Pittsburgh Pirates batting - Pitching for Milwaukee Brewers : RHP Kouchiro Yamaguchi
|
Batting: RHB Mike Bates
|
0-0: Ball 1-0: Foul Ball, location: 2F 1-1: Called Strike 1-2: Foul Ball, location: 2F 1-2: Strikes out swinging
|
Batting: RHB Kirk Seiffert
|
0-0: Ball 1-0: Ground out 4-3 (Groundball, 4, EV 88.8 MPH)
|
Batting: RHB Eisse Bravenboer
|
0-0: SINGLE (Line Drive, 56D, EV 98.8 MPH)
|
Batting: RHB Steve Jordan
|
0-0: Ball 1-0: Ball Eisse Bravenboer steals 2nd base 2-0: Ball 3-0: Called Strike 3-1: Fly out, F9 (Flyball, 9S, EV 87.5 MPH)
|
Bottom of the 8th over - 0 runs, 1 hit, 0 errors, 1 left on base; Milwaukee 3 - Pittsburgh 8 |
TOP OF THE 9TH |
Milwaukee Brewers batting - Pitching for Pittsburgh Pirates : LHP Matt Huston
|
Batting: SHB Pat Wilson
|
0-0: Ball 1-0: Called Strike 1-1: Foul Ball, location: 2F 1-2: Strikes out looking
|
Batting: RHB Bobby Muniz
|
0-0: Foul Ball, location: 2F 0-1: Called Strike 0-2: Ball 1-2: Ball 2-2: Strikes out swinging
|
Batting: RHB Noah Stanley
|
0-0: Foul Ball, location: 2F 0-1: Swinging Strike 0-2: Ball 1-2: Hit by Pitch
|
Batting: RHB Adrian Rudkilde
|
0-0: Foul Ball, location: 2F 0-1: Ball 1-1: Called Strike 1-2: Fielders Choice at 2nd, 5-4 (Groundball, 56, EV 79.4 MPH)
|
Top of the 9th over - 0 runs, 0 hits, 0 errors, 1 left on base; Milwaukee 3 - Pittsburgh 8 |
|